 Dungeon Crawl Stone Soup version 0.30-a0-782-ge64f9170bb (webtiles) character file.

Game seed: 4772553983598447584

49 zibbyzibby the Sneak (level 3, 0/21 HPs)
             Began as a Vampire Brigand on Feb 22, 2023.
             Hit by a stone thrown by a gnoll (1 damage)
             ... on level 2 of the Dungeon.
             The game lasted 00:04:11 (1122 turns).

zibbyzibby the Sneak (Vampire Brigand)              Turns: 1122, Time: 00:04:12

Health: 0/21       AC:  4    Str: 10    XL:     3   Next: 53%
Magic:  3/3        EV: 11    Int: 13    God:
Gold:   55         SH:  5    Dex: 17    Spells: 2/2 levels left

rFire   . . .      SeeInvis +    h - +1 rapier (venom)
rCold   + + .      Faith    .    (no shield)
rNeg    + + +      Spirit   .    l - +0 leather armour
rPois   ∞          Reflect  +    (no helmet)
rElec   .          Harm     .    c - +0 cloak
rCorr   .          Rampage  .    (no gloves)
Will    .....                    (no boots)
Stlth   +++++                    g - amulet of reflection
HPRegen 0.00/turn                (no ring)
MPRegen 0.08/turn                (no ring)

@: bloodless, inhibited regen
A: bloodless, fangs 3, see invisible, vampiric 2
a: Bat Form, Revivify


You were on level 2 of the Dungeon.
You visited 1 branch of the dungeon, and saw 2 of its levels.

You collected 55 gold pieces.

Inventory:

Hand Weapons
 a - a +2 dagger
 h - a +1 rapier of venom (weapon)
Missiles
 d - 3 poisoned darts (quivered)
 e - 3 curare-tipped darts
Armour
 b - a +0 robe
 c - a +0 cloak (worn)
 l - a +0 leather armour (worn)
Jewellery
 g - an amulet of reflection (around neck)
Scrolls
 j - a scroll of fear {unknown}
 k - a scroll of amnesia {unknown}
 m - a scroll of teleportation {unknown}
 n - a scroll of immolation {unknown}
Potions
 f - a potion of mutation {unknown}
 i - 2 potions of flight {unknown}


   Skills:
 + Level 1.9 Fighting
 + Level 2.4 Short Blades
 + Level 1.8 Throwing
 + Level 0.7 Armour
 + Level 1.2 Dodging
 + Level 7.1 Stealth


You had 2 spell levels left.
You didn't know any spells.
Your spell library contained the following spells:

 Spells                   Type           Power      Damage    Failure   Level
 Slow                     Hex            0%         N/A       38%         1
 Confusing Touch          Hex            0%         N/A       77%         3
 Vampiric Draining        Necr           0%         2d6       77%         3


Dungeon Overview and Level Annotations

Branches:
Dungeon (2/15)

Altars:


Innate Abilities, Weirdness & Mutations

You do not regenerate when monsters are visible.
You are frail without blood (-20% HP).
You can heal yourself when you bite living creatures.
You are immune to poison.
You have razor-sharp teeth.
You have supernaturally acute eyesight. (SInv)
You are afflicted with vampirism and can become a bat while bloodless.


Message History

There is an open door here.
You swing at nothing.
You closely miss the gnoll.
The gnoll is heavily wounded.
You block the gnoll's attack.
You hit the gnoll.
The gnoll looks even sicker.
The gnoll is almost dead.
The gnoll barely misses you.
You puncture the gnoll!
You kill the gnoll!
You hit the gnoll.
The gnoll is poisoned.
The gnoll is moderately wounded.
The gnoll hits you with a +0 whip.
You hit the gnoll.
The gnoll looks as sick as possible!
The gnoll is heavily wounded.
The gnoll hits you with a +0 whip. You block the gnoll's attack.
You barely miss the gnoll.
The gnoll is heavily wounded.
You block the gnoll's attack. The gnoll hits you with a +0 whip.
The gnoll hits you but does no damage. The gnoll barely misses you.
You barely miss the gnoll.
The gnoll is severely wounded.
The gnoll hits you with a +0 whip.
The gnoll hits you from afar with a +0 spear.
* * * LOW HITPOINT WARNING * * *
You hit the gnoll.
You kill the gnoll!
The gnoll hits you from afar with a +0 spear.
* * * LOW HITPOINT WARNING * * *
The gnoll hits you but does no damage.
Things that are here:
a +0 whip; 6 poisoned darts; a +0 whip You are too injured to fight recklessly!
You closely miss the gnoll. The gnoll hits you with a +0 spear.
* * * LOW HITPOINT WARNING * * *
You hit the gnoll but do no damage. The gnoll hits you but does no damage.
Okay, then.
The gnoll closely misses you.
The gnoll throws a stone.
The stone hits you.
You die...

#.# ..... ####.#####
.....
#........########..##
#...(....##........##
#........##.[......##
#........>+..........
#.........#........##
#...[.....#..........
####@####.#.......###
#.# #.#..†....... #.#
#.#......#### #g#
#............ #.#
############# #.# #.#
##'###### #.......#


You could see a gnoll.

Vanquished Creatures
  2 gnolls (D:2)
  A worm (D:2)
  An endoplasm (D:1)
  4 giant cockroaches
  A goblin (D:1)
  A hobgoblin (D:1)
  4 kobolds (D:1)
  3 quokkas
  2 ball pythons
  3 bats (D:1)
  A frilled lizard (D:1)
  3 rats (D:1)
26 creatures vanquished.

Notes
Turn   | Place    | Note
-------+----------+-------------------------------------------
     0 | D:1      | zibbyzibby the Vampire Brigand began the quest for the Orb.
     0 | D:1      | Reached XP level 1. HP: 16/16 MP: 1/1
    24 | D:1      | Reached skill level 6 in Stealth
   253 | D:1      | Reached XP level 2. HP: 17/17 MP: 2/2
   790 | D:2      | Reached skill level 7 in Stealth
  1057 | D:2      | Gained mutation: You are afflicted with vampirism and can
                  | become a bat while bloodless. [Vampire growth]
  1057 | D:2      | Reached XP level 3. HP: 21/21 MP: 3/3
  1118 | D:2      | HP: 1/21 [gnoll/+0 spear (1)]
  1122 | D:2      | Hit by a stone thrown by a gnoll

Illustrated notes

Levels and vault maps discovered:
D:1:      heliophobic_arrival_battle_scene, layout_rooms
D:2:      layout_basic, st_stairs_12, kennysheep_doodads

Skill      XL: |  1  2 |
---------------+-------+-----
Stealth        | 6 7 |  7.1
Fighting       | |  1.9
Short Blades   | |  2.4
Throwing       | |  1.8
Armour         | |  0.7
Dodging        | |  1.2

Action                     || total
---------------------------++-------
  Melee: Dagger            ||    27
         Bite              ||     3
         Rapier            ||    22
  Throw: Dart              ||    15
Ability: Exsanguinate      ||     1
   Stab: Sleeping          ||    11
 Armour: Robe              ||     5
         Leather armour    ||     6
  Dodge: Dodged            ||    24
  Block: Other             ||     5

Table legend: (Time is in decaauts)
 A = Elapsed time spent in this place.
 B = Non-inter-level travel time spent in this place.
 C = Inter-level travel time spent in this place.
 D = Time resting spent in this place.
 E = Time spent auto-exploring this place.
 F = Levels seen in this place.
 G = Mean time per level.
                   A        B        C        D        E       F      G
               +--------+--------+--------+--------+--------+-----+--------+
         Total |   1118 |   1118 |      0 |      0 |    814 |   2 |  559.0 |
       Dungeon |   1118 |   1118 |      0 |      0 |    814 |   2 |  559.0 |
               +--------+--------+--------+--------+--------+-----+--------+

Top non-repeatable levels by time:
     D:1: 616 daAuts
     D:2: 502 daAuts
